 Dungeon Crawl Stone Soup version 0.23.2-11-gf996548c65 (webtiles) character file.

Game seed: 4325087300396507174

2540 funkygono the Basher (level 9, 0/80 HPs)
             Began as a Minotaur Fighter on June 3, 2019.
             Was a Follower of Ashenzari.
             Killed by vampiric draining
             ... invoked by a vampire
              (4 damage)
             ... on level 6 of the Dungeon.
             The game lasted 00:11:55 (4681 turns).

funkygono the Basher (Minotaur Fighter)             Turns: 4681, Time: 00:11:56

Health: 0/80       AC: 11    Str: 29    XL:     9   Next: 30%
Magic:  8/8        EV:  9    Int:  5    God:    Ashenzari [*.....]
Gold:   401        SH: 12    Dex: 10    Spells: 8/8 levels left

rFire    . . .     SeeInvis .   o - +1 flail (crush)
rCold    + . .     Gourm    .   c - +0 shield
rNeg     . . .     Faith    .   A - +2 scale mail {rPois}
rPois    +         Spirit   .   (helmet restricted)
rElec    .         Reflect  .   r - +0 cloak
rCorr    .         Harm     .   (no gloves)
MR       .....                  (no boots)
Stlth    ..........             (no amulet)
HPRegen  0.23/turn              j - ring of protection from cold
MPRegen  0.11/turn              (no ring)

@: mighty
A: retaliatory headbutt, horns 2
a: Curse Item, Scrying, Renounce Religion


You were on level 6 of the Dungeon.
You worshipped Ashenzari.
Ashenzari was aware of your devotion.
You were not hungry.

You visited 1 branch of the dungeon, and saw 6 of its levels.

You collected 401 gold pieces.

Inventory:

Hand Weapons
 a - the cursed +1 war axe of Ravage {vamp, rF+ rC+}
   (You found it on level 4 of the Dungeon)

   It inflicts no extra harm, but heals its wielder when it wounds a living foe.
   It protects you from fire.
   It protects you from cold.
   It has a curse placed upon it.
 b - a +1 whip of electrocution
 h - a +0 whip of venom
 o - a +1 flail of crushing (weapon)
 q - a +4 quarterstaff of chaos
 w - a +0 hunting sling
Missiles
 e - 191 stones (quivered)
 D - 19 sling bullets
Armour
 c - a +0 shield (worn)
 r - a +0 cloak (worn)
 A - a +2 scale mail of poison resistance (worn)
Jewellery
 j - a ring of protection from cold (left hand)
Wands
 g - a wand of flame (20)
 p - a wand of random effects (21)
 y - a wand of digging (6)
 E - a wand of iceblast (12)
Scrolls
 i - 3 scrolls of remove curse
 m - 2 scrolls of teleportation
Potions
 k - a potion of ambrosia
 l - 2 potions of curing
 n - a potion of mutation
 s - a potion of cancellation
 t - a potion of flight
 v - 2 potions of degeneration
 x - a potion of brilliance
 z - a potion of agility
Comestibles
 f - 20 rations
 u - 10 chunks of flesh


   Skills:
 * Level 7.7 Fighting
 * Level 9.5 Maces & Flails
 * Level 7.6 Armour
 + Level 1.4 Dodging
 + Level 0.5 Stealth
 * Level 7.8 Shields


You had 8 spell levels left.
You didn't know any spells.
Your spell library was empty.

Dungeon Overview and Level Annotations

Branches:
Dungeon (6/15)
 Temple: D:4-7

Altars:
Ashenzari
Cheibriados
Hepliaklqana
Uskayaw
Yredelemnul


Innate Abilities, Weirdness & Mutations

You reflexively headbutt those who attack you in melee.
You have a pair of horns on your head.


Message History

Something bites you but does no damage.
You barely miss something. Your headbutt misses something. Something hits you!
* * * LOW HITPOINT WARNING * * *
Something bites you.
* * * LOW HITPOINT WARNING * * *
Something draws strength from your injuries!
You feel much better. Something hits you.
* * * LOW HITPOINT WARNING * * *
Something bites you but does no damage.
You feel very mighty all of a sudden.
You sock something!
Unholy energy fills the air.
* * * LOW HITPOINT WARNING * * *
You closely miss something. Your headbutt misses something.
Something hits you but does no damage. You block something's attack.
The phantom blinks!
You miss something. You headbutt something.
Unholy energy fills the air.
* * * LOW HITPOINT WARNING * * *
You closely miss something. You headbutt something.
Unholy energy fills the air.
You die... #.###.%......##.....# op.

................####
oJ####.................>#
...
....!...........>.....#
....
#...........#)...##...
.<...
##...........#.>..##.##
##..#.
..................#..
.......................
.$...§{@..........#..⌠.
......W........#..#....
...............#§......
.#.........#.#...##..
#....#.#........# ..
........#[..........
..................#...
..................# .#
.##........#. ..


You could see a phantom.

Vanquished Creatures
  Pikel (D:6)
  Grinder (D:3)
  Sigmund (D:3)
  Edmund (D:5)
  Menkaure (D:5)
  A slave (D:6)
  An ice beast (D:5)
  2 ogres
  Blork the orc (D:5)
  A bullfrog (D:6)
  A scorpion (D:4)
  2 wights (D:6)
  2 crimson imps
  4 hounds
  Crazy Yiuf (D:3)
  2 jellies
  4 orc priests
  5 orc wizards
  Natasha (twice) (D:2)
  Terence (D:3)
  4 iguanas
  3 worker ants
  2 howler monkey skeletons (D:4)
  3 gnolls (D:5)
  4 adders
  A shadow imp (D:6)
  An ooze (D:3)
  An adder zombie (D:6)
  An adder skeleton (D:5)
  2 worms (D:2)
  2 dart slugs
  2 leopard geckos
  14 orcs
  7 giant cockroaches
  6 goblins
  6 hobgoblins
  10 jackals
  4 quokkas
  A ball python (D:1)
  4 bats
  4 frilled lizards
  5 kobolds
  4 rats
  A fungus (D:3)
127 creatures vanquished.

Vanquished Creatures (others)
  A slave (D:6)
  An orc priest (D:6)
  An orc (D:6)
3 creatures vanquished.

Grand Total: 130 creatures vanquished

Notes
Turn   | Place    | Note
-------+----------+-------------------------------------------
     0 | D:1      | funkygono the Minotaur Fighter began the quest for the Orb.
     0 | D:1      | Reached XP level 1. HP: 19/19 MP: 0/0
   283 | D:1      | Reached XP level 2. HP: 27/27 MP: 1/1
   844 | D:2      | Noticed Natasha
   849 | D:2      | Killed Natasha
   849 | D:2      | Reached skill level 3 in Maces & Flails
   849 | D:2      | Reached XP level 3. HP: 32/33 MP: 2/2
   965 | D:2      | Reached XP level 4. HP: 40/41 MP: 3/3
  1060 | D:2      | Noticed Natasha
  1074 | D:2      | Killed Natasha
  1241 | D:3      | Noticed Terence
  1262 | D:3      | Killed Terence
  1262 | D:3      | Reached skill level 5 in Fighting
  1298 | D:3      | Noticed an ogre
  1303 | D:3      | HP: 2/42 [ogre/+0 giant club (13)]
  1314 | D:3      | Noticed Sigmund
  1643 | D:3      | Killed Sigmund
  1643 | D:3      | Reached skill level 4 in Maces & Flails
  1643 | D:3      | Reached skill level 5 in Armour
  1643 | D:3      | Reached XP level 5. HP: 48/48 MP: 4/4
  1643 | D:3      | Reached XP level 6. HP: 56/56 MP: 5/5
  1695 | D:3      | Noticed Grinder
  1697 | D:3      | Found a shattered altar of Ashenzari.
  1709 | D:3      | Paralysed by Grinder for 2 turns
  1713 | D:3      | Killed Grinder
  1713 | D:3      | Reached skill level 5 in Maces & Flails
  1713 | D:3      | Reached skill level 5 in Shields
  1915 | D:3      | Became a worshipper of Ashenzari the Shackled
  1950 | D:3      | Found a runed translucent door.
  1951 | D:3      | Noticed Crazy Yiuf
  1962 | D:3      | Killed Crazy Yiuf
  1962 | D:3      | Reached XP level 7. HP: 25/62 MP: 6/6
  2250 | D:3      | Found a hide-covered altar of Uskayaw.
  2250 | D:3      | Found a hazy altar of Hepliaklqana.
  2251 | D:3      | Found a snail-covered altar of Cheibriados.
  2251 | D:3      | Found a basalt altar of Yredelemnul.
  2757 | D:4      | Reached skill level 6 in Maces & Flails
  2763 | D:4      | Got the cursed war axe of Ravage {vamp, rF+ rC+}
  3613 | D:5      | Entered Level 5 of the Dungeon
  3660 | D:4      | Reached skill level 7 in Maces & Flails
  3660 | D:4      | Reached XP level 8. HP: 59/70 MP: 7/7
  3688 | D:5      | Noticed Menkaure
  3690 | D:5      | Reached * piety under Ashenzari
  3695 | D:5      | Killed Menkaure
  3795 | D:5      | Noticed Blork the orc
  3807 | D:5      | Killed Blork the orc
  3827 | D:5      | Reached skill level 1 in Dodging
  3904 | D:5      | Reached skill level 8 in Maces & Flails
  3915 | D:5      | Noticed Edmund
  3928 | D:5      | Killed Edmund
  4513 | D:6      | Noticed Pikel
  4570 | D:6      | Killed Pikel
  4570 | D:6      | Reached skill level 9 in Maces & Flails
  4570 | D:6      | Reached XP level 9. HP: 74/79 MP: 8/8
  4627 | D:6      | Found Xol Osa's Distillery.
  4680 | D:6      | HP: 4/80 [something/vampiric draining (12)]
  4681 | D:6      | Killed from afar by a vampire

Skill      XL: |  1  2  3  4  5  6  7  8 |
---------------+-------------------------+-----
Armour         | 4 5 6 7 |  7.6
Fighting       | 4 5 6 7 |  7.7
Maces & Flails | 3 4 5 7 9 |  9.5
Shields        | 4 5 6 7 |  7.8
Dodging        | 1 |  1.4
Stealth        | |  0.5

Action                   |  1- 3 |  4- 6 |  7- 9 || total
-------------------------+-------+-------+-------++-------
Melee: Flail             |    57 |    76 |   287 ||   420
       Headbutt          |    12 |    14 |    50 ||    76
  Use: Scroll            |     4 |     2 |    10 ||    16
       Potion            |       |     1 |     2 ||     3
  Eat: Chunk             |       |     3 |    10 ||    13
Armor: Scale mail        |    18 |    14 |    86 ||   118
Dodge: Dodged            |    16 |    15 |    89 ||   120
Block: Shield            |    29 |    26 |   146 ||   201
